 Dungeon Crawl Stone Soup version 0.29-a0-486-ga88943ba61 (webtiles) character file.

Game seed: 642532289008508021

710 MeArio the Covered (level 7, 0/63 HPs)
             Began as a Minotaur Fighter on May 26, 2022.
             Was a Follower of Okawaru.
             Slain by a lemure (3 damage)
             ... led by Pikel
             ... on level 5 of the Dungeon.
             The game lasted 00:10:02 (5129 turns).

MeArio the Covered (Minotaur Fighter)               Turns: 5129, Time: 00:10:03

Health: 0/63       AC: 15    Str: 22    XL:     7   Next: 40%
Magic:  6/6        EV:  7    Int: 11    God:    Okawaru [*.....]
Gold:   319        SH:  5    Dex: 10    Spells: 6/6 levels left

rFire   + . .      SeeInvis .   a - +0 long sword
rCold   + . .      Faith    .   c - +0 buckler
rNeg    . . .      Spirit   .   g - +0 shadow dragon scales
rPois   .          Reflect  .   k - +1 hat
rElec   .          Harm     .   m - scarf {rC+ rF+}
rCorr   .          Rampage  .   (no gloves)
Will    .....                   (no boots)
Stlth   ++........              (no amulet)
HPRegen 0.20/turn               n - +6 ring of intelligence
MPRegen 0.10/turn               (no ring)

@: no status effects
A: horns 2, retaliatory headbutt
a: Renounce Religion, Heroism


You were on level 5 of the Dungeon.
You worshipped Okawaru.
Okawaru was aware of your devotion.
You visited 2 branches of the dungeon, and saw 7 of its levels.

You collected 319 gold pieces.

Inventory:

Hand Weapons
 a - a +0 long sword (weapon)
Armour
 c - a +0 buckler (worn)
 g - +0 shadow dragon scales (worn)
 k - a +1 hat (worn)
 m - a scarf of resistance (worn)
Jewellery
 n - a +6 ring of intelligence (left hand)
Potions
 d - a potion of might
 e - 2 potions of brilliance {unknown}
 f - a potion of flight
 h - a potion of haste {unknown}
 i - 2 potions of curing
 l - a potion of mutation {unknown}


   Skills:
 + Level 6.0 Fighting
 + Level 5.3 Long Blades
 * Level 6.2 Armour
 + Level 6.0 Shields


You had 6 spell levels left.
You didn't know any spells.
Your spell library was empty.

Dungeon Overview and Level Annotations

Branches:
Dungeon (6/15)             Temple (1/1) D:4

Altars:
Ashenzari
Cheibriados
Elyvilon
Fedhas
Hepliaklqana
Nemelex Xobeh
Okawaru
Qazlal
Ru
Sif Muna
Uskayaw
Vehumet
Wu Jian
Xom
Yredelemnul
Zin

Shops:
D:1 (

Annotations:
D:6 Pikel


Innate Abilities, Weirdness & Mutations

You have a pair of horns on your head.
You reflexively headbutt those who attack you in melee.


Message History

The lemure is moderately wounded.
The lemure completely misses you. The lemure hits you.
* * * LOW HITPOINT WARNING * * *
You hit the lemure.
The lemure is moderately wounded.
The lemure hits you but does no damage.
You closely miss the lemure.
The lemure is moderately wounded.
You block the lemure's attack.
You hit the lemure but do no damage. Your headbutt misses the lemure.
The lemure is moderately wounded.
The lemure hits you.
* * * LOW HITPOINT WARNING * * *
You completely miss the lemure. You headbutt the lemure!
The lemure is severely wounded.
The lemure hits you.
* * * LOW HITPOINT WARNING * * *
You slash the lemure!
You kill the lemure!
That felt strangely unrewarding.
You hit the lemure.
The lemure is lightly wounded.
The lemure hits you but does no damage. x2
You hit the lemure. Your headbutt misses the lemure.
The lemure is moderately wounded.
You block the lemure's attack.
You hit the lemure.
The lemure is heavily wounded.
You block the lemure's attack.
You closely miss the lemure.
The lemure is heavily wounded.
The lemure hits you.
* * * LOW HITPOINT WARNING * * *
You closely miss the lemure.
The lemure is heavily wounded.
The lemure barely misses you.
You closely miss the lemure. Your headbutt misses the lemure.
The lemure is heavily wounded.
The lemure hits you.
You die...

..## #.##.###..# ##...# ##..
...## #.#..###..# ####.#.####...
....###.........####......###....
....'................#....<.'....
....###..........###.....####....
...## ###........# ##.#.## ##...
..## ##.......# #.### ##.. .##
#.....#5# #.# ##. ## #....5#@#
#.# ## # ##...>..# #.# # #
##.##### #.# # ## #.# #.# ####
.## #.# #.########... ..#######
#.# ##............ ........####.#
#...#######.#. .............#
#.......# #.## .#...##.######
#...###.###.##


You could see a lemure.

Vanquished Creatures
  A black bear (D:5)
  An ice beast (D:5)
  An ogre (D:5)
  2 lemures (D:5)
  A phantom (D:5)
  A bullfrog (D:5)
  A howler monkey (D:5)
  A hound (D:5)
  A jelly (D:6)
  3 iguanas
  An orc wizard (D:5)
  3 adders
  2 worms
  2 dart slugs (D:2)
  4 orcs
  9 bats
  3 endoplasms
  2 giant cockroaches
  9 goblins
  5 hobgoblins
  7 jackals (D:4)
  6 kobolds
  5 quokkas
  6 ball pythons
  2 frilled lizards (D:1)
  7 rats
86 creatures vanquished.

Notes
Turn   | Place    | Note
-------+----------+-------------------------------------------
     0 | D:1      | MeArio the Minotaur Fighter began the quest for the Orb.
     0 | D:1      | Reached XP level 1. HP: 19/19 MP: 0/0
   166 | D:1      | Reached XP level 2. HP: 25/27 MP: 1/1
   422 | D:1      | Found Anly's Weapon Emporium.
   987 | D:2      | Reached XP level 3. HP: 33/33 MP: 2/2
  1573 | D:2      | Found a faded altar of an unknown god.
  1822 | D:3      | Reached XP level 4. HP: 37/41 MP: 3/3
  2804 | D:4      | Found a staircase to the Ecumenical Temple.
  2829 | Temple   | Entered the Ecumenical Temple
  2894 | Temple   | Became a worshipper of Warmaster Okawaru
  2954 | D:4      | Found a white marble altar of Elyvilon.
  2989 | D:4      | Found a glowing silver altar of Zin.
  3729 | D:5      | Entered Level 5 of the Dungeon
  3876 | D:5      | Noticed an ice beast
  3884 | D:5      | Reached XP level 5. HP: 47/47 MP: 4/4
  3893 | D:5      | Killed an ice beast
  3894 | D:5      | Reached skill level 5 in Fighting
  3894 | D:5      | Reached skill level 5 in Armour
  3894 | D:5      | Reached skill level 5 in Shields
  3940 | D:5      | Found a blossoming altar of Fedhas.
  3985 | D:5      | Reached XP level 6. HP: 31/56 MP: 5/5
  4138 | D:5      | Reached * piety under Okawaru
  4628 | D:5      | Reached skill level 5 in Long Blades
  4628 | D:5      | Reached XP level 7. HP: 57/62 MP: 6/6
  4921 | D:6      | Noticed Pikel
  5091 | D:6      | Paralysed by Pikel for 5 turns
  5127 | D:5      | HP: 2/63 [lemure[Pikel] (5)]
  5129 | D:5      | Slain by a lemure

Illustrated notes

Levels and vault maps discovered:
D:1:      wheals_arrival_linesprint, layout_rooms, serial_shops, shop_fountains,
          nrook_mini_backslash
D:2:      layout_basic, hellmonk_ecumenical_altar_prayer_group
D:3:      layout_loops_ring, hangedman_decor_peaks_small
D:4:      layout_basic, elyvilon_altar_5, zin_scriptorium,
          minmay_temple_entry_ruins
D:5:      layout_loops_corners, fedhas_altar_1
D:6:      layout_rooms, demons_altar, lightli_ossuary_entry_decrepit_ruins,
          uniq_pikel
Temple:   eino_temple_rhombus

Skill      XL: |  1  2  3  4  5  6  7 |
---------------+----------------------+-----
Fighting       | 4 5 6 |  6.0
Armour         | 4 5 6 |  6.2
Long Blades    | 3 4 5 |  5.3
Shields        | 4 5 6 |  6.0

Action                   |  1- 3 |  4- 6 |  7- 9 || total
-------------------------+-------+-------+-------++-------
Melee: Long sword        |   115 |   128 |    34 ||   277
       Headbutt          |    10 |    28 |     4 ||    42
  Use: Scroll            |       |     9 |     2 ||    11
 Stab: Sleeping          |       |     2 |       ||     2
Armor: Scale mail        |    51 |    29 |       ||    80
       Shadow dragon sca |       |    42 |    43 ||    85
Dodge: Dodged            |    58 |    46 |    17 ||   121
Block: Buckler           |    28 |    29 |    17 ||    74

Table legend: (Time is in decaauts)
 A = Elapsed time spent in this place.
 B = Non-inter-level travel time spent in this place.
 C = Inter-level travel time spent in this place.
 D = Time resting spent in this place.
 E = Time spent auto-exploring this place.
 F = Levels seen in this place.
 G = Mean time per level.
                   A        B        C        D        E       F      G
               +--------+--------+--------+--------+--------+-----+--------+
         Total |   5202 |   4926 |    276 |    341 |   3604 |   7 |  743.1 |
       Dungeon |   5120 |   4860 |    260 |    341 |   3552 |   6 |  853.3 |
        Temple |     81 |     65 |     16 |      0 |     52 |   1 |   81.0 |
               +--------+--------+--------+--------+--------+-----+--------+

Top non-repeatable levels by time:
     D:5: 1257 daAuts
     D:4: 1172 daAuts
     D:3: 986 daAuts
     D:2: 901 daAuts
     D:1: 775 daAuts
  Temple: 81 daAuts
     D:6: 27 daAuts
